[Event "Titled Tuesday Blitz June 07 Late 2022"]
[White "Vasquez Schroeder, Rodrigo"]
[Black "Nazaretyan, Tigran"]
[WhiteFideId "3400042"]
[BlackFideId "24162345"]
[WhiteElo "2567"]
[BlackElo "2179"]
[Result "1-0"]
[Round "04"]
[TimeControl "180+1"]
[Date "2022.06.07"]
[WhiteClock "0:00:35"]
[BlackClock "0:00:08"]

1. e4 c5 2. Nf3 d6 3. d4 cxd4 4. Nxd4 Nf6 5. Nc3 Nc6 6. Bg5 e6 7. Qd2 a6 8. O-O-O Bd7 9. f3 b5 10. Nxc6 Bxc6 11. Ne2 Be7 12. h4 h6 13. Be3 h5 14. Nd4 Bb7 15. Bg5 Rc8 16. Bd3 Qb6 17. Kb1 O-O 18. Be3 Qc7 19. Bg5 Qb6 20. Be2 b4 21. Rc1 a5 22. Rhd1 Rfd8 23. Be3 Qc7 24. Nb5 Qd7 25. Bb6 d5 26. e5 Ne8 27. Bxa5 Bxh4 28. Bxd8 Bxd8 29. Qxb4 Ba6 30. a4 h4 31. f4 Nc7 32. c4 Qe8 33. Nd6 Qf8 34. Qd2 Rb8 35. c5 Be7 36. Ka2 d4 37. Bf3 d3 38. b4 f6 39. Qc3 fxe5 40. fxe5 Qf4 41. Rb1 Nd5 42. Bxd5 exd5 43. Ka3 d4 44. Qb3+ Kh7 45. b5 Qxe5 46. Qxd3+ Kg8 47. Qc4+ Kh7 48. bxa6 Bxd6 49. cxd6 Qxd6+ 50. Ka2 Ra8 51. Rxd4 Qxa6 52. Rxh4+ Kg6 53. Rg4+ Kf5 54. Rf1+ Ke5 55. Rg5+ Kd6 56. Rg6+ Ke7 57. Rf7+ Ke8 58. Rxa6 Rxa6 59. Rxg7 Rxa4+ 60. Qxa4+ 1-0


[Site "https://www.chess.com"]

[Event "Titled Tuesday Blitz June 07 Late 2022"]
[White "Yuan, Qingyu"]
[Black "Martinez Alcantara, Jose Eduardo"]
[WhiteFideId "8609772"]
[BlackFideId "3805662"]
[WhiteElo "2359"]
[BlackElo "2703"]
[Result "0-1"]
[Round "04"]
[TimeControl "180+1"]
[Date "2022.06.07"]
[WhiteClock "0:00:04"]
[BlackClock "0:00:07"]

1. e4 c5 2. Nf3 d6 3. Bb5+ Nd7 4. c4 Nf6 5. Nc3 e6 6. O-O Be7 7. d4 cxd4 8. Nxd4 O-O 9. Ba4 Nb6 10. Bb3 a6 11. Qe2 Bd7 12. Rd1 Rc8 13. Nc2 Qc7 14. Ne3 Bc6 15. Bc2 Nbd7 16. b4 b6 17. Bb2 Bb7 18. f3 Rfe8 19. Rac1 Qb8 20. Ba4 Red8 21. a3 Ne5 22. Bb3 Ned7 23. Rc2 Bc6 24. Rcd2 h6 25. Kh1 Qc7 26. Qf1 Qa7 27. Ne2 Qb8 28. Nd4 Bb7 29. Qe1 Bf8 30. Qg3 Ne5 31. c5 bxc5 32. bxc5 Rxc5 33. Bxe6 Nh5 34. Qh4 Ng6 35. Qg4 Nhf4 36. Bf5 h5 37. Qg3 Be7 38. Bxg6 Nxg6 39. Ndf5 Bf8 40. h3 Bc6 41. Bd4 Rb5 42. Bc3 Rb1 43. Bb4 Rxd1+ 44. Rxd1 Ba4 45. Rd2 d5 46. Qxb8 Rxb8 47. Nxd5 Bxb4 48. axb4 Kh7 49. Ra2 Bb3 50. Rxa6 Bxd5 51. exd5 Rxb4 52. Ra7 Rb1+ 53. Kh2 Kg8 54. Ra8+ Kh7 55. Ra7 Kg8 56. d6 Rd1 57. d7 Nf8 58. Ne7+ Kh7 59. Nf5 Nxd7 60. Ne3 Rd3 61. Nc4 Rd4 62. Ne3 g6 63. Nf1 Kg7 64. Ng3 Nf6 65. Ra5 Rd2 66. Ne4 Nxe4 67. fxe4 Re2 68. Ra4 Kf6 69. Kg3 Rb2 70. Kf3 Rb3+ 71. Kf2 Kg5 72. g3 h4 73. Ra5+ Kh6 74. gxh4 Rxh3 75. Ra7 Kg7 76. Kg2 Rxh4 77. Kf3 Rh3+ 78. Kg4 Rh1 79. Kf4 Rf1+ 80. Ke3 Rb1 81. Kf4 Rb4 82. Kf3 Rc4 83. Ke3 Rc6 84. Kf3 Kf6 85. Kf4 g5+ 86. Kf3 Kg6 87. Ra5 Rf6+ 88. Kg3 Re6 89. Kf3 Rf6+ 90. Kg3 Rf4 91. Re5 f6 92. Re8 Kf7 93. Ra8 Rxe4 94. Ra6 Rf4 95. Ra4 Rxa4 0-1


[Site "https://www.chess.com"]

[Event "Titled Tuesday Blitz June 07 Late 2022"]
[White "Zhurbinsky, David"]
[Black "Bryakin, Mikhail"]
[WhiteFideId "2072904"]
[BlackFideId "4165314"]
[WhiteElo "2536"]
[BlackElo "2417"]
[Result "1-0"]
[Round "04"]
[TimeControl "180+1"]
[Date "2022.06.07"]
[WhiteClock "0:00:15"]
[BlackClock "0:00:52"]

1. e4 e6 2. d4 d5 3. Nc3 Bb4 4. e5 c5 5. a3 Ba5 6. Nf3 Nd7 7. Be3 Bxc3+ 8. bxc3 c4 9. Be2 h6 10. a4 b6 11. Bc1 Ne7 12. Ba3 Nf5 13. Qd2 Bb7 14. O-O Bc6 15. a5 b5 16. Bb4 a6 17. h3 Nf8 18. Kh2 Kd7 19. g4 Nh4 20. Nxh4 Qxh4 21. f4 Nh7 22. Qe3 Rae8 23. f5 Ng5 24. fxe6+ fxe6 25. Rf4 Kc8 26. Raf1 Rd8 27. Bc5 Be8 28. Bb6 Rd7 29. Rf8 Rxf8 30. Rxf8 Re7 31. Bc5 Rf7 32. Rxe8+ Kd7 33. Rf8 Qe1 34. Rxf7+ Nxf7 35. Kg2 Qb1 36. Qf2 Nd8 37. Bf1 Qa1 38. Qf8 Qxc3 39. Qe7+ Kc8 40. Bb6 Qd2+ 41. Kh1 1-0


[Site "https://www.chess.com"]

[Event "Titled Tuesday Blitz June 07 Late 2022"]
[White "Agibileg, Uurtsaikh"]
[Black "Chigaev, Maksim"]
[WhiteFideId "4901606"]
[BlackFideId "4108116"]
[WhiteElo "2205"]
[BlackElo "2457"]
[Result "1/2-1/2"]
[Round "05"]
[TimeControl "180+1"]
[Date "2022.06.07"]
[WhiteClock "0:00:09"]
[BlackClock "0:00:10"]

1. d4 d5 2. c4 c6 3. Nf3 Nf6 4. Nc3 dxc4 5. a4 Bf5 6. Ne5 Nbd7 7. Nxc4 Nb6 8. Ne5 a5 9. e3 e6 10. Bd3 Bxd3 11. Nxd3 Be7 12. O-O O-O 13. Qb3 Nfd5 14. Nxd5 exd5 15. Bd2 Nc4 16. Bc3 Qb6 17. Qa2 Qc7 18. e4 dxe4 19. Qxc4 exd3 20. Qxd3 Qd7 21. Rfe1 Bf6 22. Re4 Qd5 23. Rf4 Rfe8 24. Rf5 Re5 25. Rxe5 Bxe5 26. Re1 Bf6 27. Re4 g6 28. h4 h5 29. Qf3 Bg7 30. Re7 Qxf3 31. gxf3 b5 32. axb5 cxb5 33. d5 Bxc3 34. bxc3 a4 35. d6 Rd8 36. Rb7 Rxd6 37. Rxb5 Ra6 38. Rb2 a3 39. Ra2 Kf8 40. Kf1 Ke7 41. Ke2 Kd6 42. Kd3 Kc5 43. Kc2 Kc4 44. f4 Ra8 45. Ra1 a2 46. Kb2 Ra7 47. f3 Ra5 48. Kc2 f6 49. Kb2 Ra6 50. Kc2 Ra3 51. Kb2 Rxc3 52. Rxa2 Rxf3 53. Ra6 Rf2+ 54. Kc1 Kc3 55. Rc6+ Kd3 56. Rxf6 Rg2 57. f5 g5 58. hxg5 Rxg5 59. Rf8 Ke4 60. f6 Kf4 61. Kd2 Rf5 62. Ke2 h4 63. Kf2 Kg5+ 64. Kg2 Rxf6 65. Rxf6 Kxf6 66. Kh1 Kg5 67. Kg1 Kg4 68. Kh1 h3 69. Kg1 Kh4 70. Kh1 Kg3 71. Kg1 h2+ 72. Kh1 Kh3 1/2-1/2


[Site "https://www.chess.com"]

[Event "Titled Tuesday Blitz June 07 Late 2022"]
[White "Andreikin, Dmitry"]
[Black "Vasquez Schroeder, Rodrigo"]
[WhiteFideId "4158814"]
[BlackFideId "3400042"]
[WhiteElo "2736"]
[BlackElo "2567"]
[Result "1-0"]
[Round "05"]
[TimeControl "180+1"]
[Date "2022.06.07"]
[WhiteClock "0:00:03"]
[BlackClock "0:00:01"]

1. d4 Nf6 2. c4 g6 3. Nc3 Bg7 4. e4 d6 5. h3 O-O 6. Be3 c5 7. Nf3 cxd4 8. Nxd4 b6 9. g4 Bb7 10. Bg2 Nfd7 11. O-O Nc6 12. Rc1 Rc8 13. b3 Nc5 14. Nde2 Qd7 15. f4 Rfd8 16. Ng3 e6 17. Qd2 Qe7 18. f5 Be5 19. Bg5 f6 20. Bf4 g5 21. Bxe5 dxe5 22. Qe2 Nd3 23. fxe6 Nxc1 24. Rxc1 Nd4 25. Qf2 Nxe6 26. Nd5 Bxd5 27. exd5 Nf4 28. Nf5 Qc5 29. Rd1 Kf8 30. Bf1 b5 31. d6 bxc4 32. bxc4 Qxc4 33. Qxa7 Qc5+ 34. Qxc5 Rxc5 35. Rb1 Ra5 36. Rb7 Rxa2 37. Bc4 Rc2 38. Rf7+ Kg8 39. Rd7+ Rxc4 40. Rxd8+ Kf7 41. Rd7+ Ke8 42. Rxh7 Rc2 43. d7+ Kd8 44. Nd6 Nxh3+ 45. Kf1 Rc1+ 46. Ke2 Nf4+ 47. Kd2 Rc7 48. Nf7+ Kxd7 49. Nxg5+ Kc6 50. Rh6 Rd7+ 51. Ke1 Kd5 52. Nh7 Kd4 53. Nxf6 Rg7 54. Kf2 1-0


[Site "https://www.chess.com"]

[Event "Titled Tuesday Blitz June 07 Late 2022"]
[White "Bjelobrk, Igor"]
[Black "Sjugirov, Sanan"]
[WhiteFideId "4300726"]
[BlackFideId "4189302"]
[WhiteElo "2335"]
[BlackElo "2602"]
[Result "0-1"]
[Round "05"]
[TimeControl "180+1"]
[Date "2022.06.07"]
[WhiteClock "0:01:08"]
[BlackClock "0:00:23"]

1. Nf3 d5 2. c4 e6 3. g3 dxc4 4. Qa4+ Nd7 5. Qxc4 a6 6. Qc2 b5 7. Bg2 Bb7 8. O-O c5 9. a4 Ngf6 10. d3 Be7 11. Nc3 Qb6 12. axb5 axb5 13. Rxa8+ Bxa8 14. Qb3 b4 15. Nb1 O-O 16. Nbd2 Qa6 17. Nc4 Nb6 18. Nfe5 Nxc4 19. Nxc4 Bxg2 20. Kxg2 Nd5 21. e4 Nc7 22. Be3 Nb5 23. Rc1 Rd8 24. Qd1 h6 25. Ra1 Qc6 26. Qe2 Bf6 27. Rc1 Bd4 28. Kg1 Bxe3 29. fxe3 Qd7 30. Rd1 Nd6 31. Qc2 Nxe4 32. Ne5 Qd5 33. Nc4 Ng5 34. Qg2 Qxc4 0-1


[Site "https://www.chess.com"]

[Event "Titled Tuesday Blitz June 07 Late 2022"]
[White "Bluebaum, Matthias"]
[Black "Barp, Alberto"]
[WhiteFideId "24651516"]
[BlackFideId "872555"]
[WhiteElo "2556"]
[BlackElo "2229"]
[Result "0-1"]
[Round "05"]
[TimeControl "180+1"]
[Date "2022.06.07"]
[WhiteClock "0:00:04"]
[BlackClock "0:00:05"]

1. d4 Nf6 2. c4 e6 3. Nc3 d5 4. cxd5 Nxd5 5. e4 Nxc3 6. bxc3 c5 7. Rb1 Be7 8. Bc4 O-O 9. Ne2 Qc7 10. Bf4 Bd6 11. Bxd6 Qxd6 12. e5 Qe7 13. O-O cxd4 14. cxd4 Rd8 15. Qd3 b6 16. Qg3 h6 17. h4 Ba6 18. Bxa6 Nxa6 19. Rbd1 Nb4 20. Nf4 Nd5 21. Nh5 f5 22. exf6 Nxf6 23. Nf4 Qf7 24. Rfe1 Re8 25. Re5 Rad8 26. Rde1 Rxd4 27. Nxe6 Re4 28. f3 Nh5 29. Qh3 Rxe1+ 30. Rxe1 Nf4 31. Nxf4 Rxe1+ 32. Kf2 Re8 33. Qg4 Qxa2+ 34. Kg3 Qf7 35. h5 Qc7 36. Kh4 Qe5 37. Kh3 Rf8 38. g3 Qf5 39. Ng6 Qxg4+ 40. Kxg4 Rf6 41. Ne7+ Kf7 42. Nd5 b5 43. f4 a5 44. f5 b4 45. Kf4 b3 46. g4 b2 47. g5 0-1


[Site "https://www.chess.com"]

[Event "Titled Tuesday Blitz June 07 Late 2022"]
[White "Bok, Benjamin"]
[Black "Maksimovic, Bojan"]
[WhiteFideId "1017063"]
[BlackFideId "14408120"]
[WhiteElo "2658"]
[BlackElo "2453"]
[Result "1-0"]
[Round "05"]
[TimeControl "180+1"]
[Date "2022.06.07"]
[WhiteClock "0:02:14"]
[BlackClock "0:01:46"]

1. d4 Nf6 2. c4 c5 3. Nf3 cxd4 4. Nxd4 e6 5. g3 a6 6. Bg2 Qc7 7. b3 Nc6 8. O-O Be7 9. Nc3 O-O 10. Bb2 d6 11. Rc1 Nxd4 12. Qxd4 Bd7 13. Rfd1 Bc6 14. Nd5 Bxd5 15. cxd5 Qd7 16. dxe6 fxe6 17. Qb6 d5 18. Rc7 Qd6 19. Rxb7 Rae8 20. e3 Ng4 21. Qxd6 Bxd6 22. Rxg7+ 1-0


[Site "https://www.chess.com"]

[Event "Titled Tuesday Blitz June 07 Late 2022"]
[White "Bortnyk, Olexandr"]
[Black "Holt, Conrad"]
[WhiteFideId "14120828"]
[BlackFideId "2034387"]
[WhiteElo "2723"]
[BlackElo "2586"]
[Result "0-1"]
[Round "05"]
[TimeControl "180+1"]
[Date "2022.06.07"]
[WhiteClock "0:00:02"]
[BlackClock "0:00:21"]

1. d4 d5 2. Nc3 e6 3. Bf4 Bb4 4. e3 Nf6 5. a3 Bxc3+ 6. bxc3 c5 7. dxc5 Qa5 8. Ne2 Nc6 9. f3 e5 10. Bg5 Qxc5 11. Bxf6 gxf6 12. Qd2 Be6 13. Nc1 O-O-O 14. Rb1 d4 15. cxd4 exd4 16. e4 f5 17. Rb5 Qxa3 18. exf5 a6 19. Rb1 Bxf5 20. Bd3 Bxd3 21. Nxd3 Rhe8+ 22. Kf2 Re3 23. Rb3 Qa5 24. Qxa5 Nxa5 25. Rb4 Nc6 26. Rc4 Kc7 27. Rd1 a5 28. Rc5 Rde8 29. Nf4 R3e5 30. Rxe5 Rxe5 31. g4 a4 32. Ra1 b5 33. Nd3 Re3 34. h4 Ne5 35. Nxe5 Rxe5 36. g5 Rc5 37. Ra2 Kd6 38. Kg3 Rc3 39. Kf4 a3 40. h5 b4 41. Ke4 Kc5 42. f4 Rh3 43. h6 Kc4 44. Ke5 d3 45. cxd3+ Rxd3 46. Kf6 Kb3 47. Ra1 Kb2 48. Rh1 a2 49. Kg7 a1=Q 50. Rxa1 Kxa1 51. Kxh7 b3 52. Kg8 b2 53. h7 Rd8+ 54. Kxf7 b1=Q 55. g6 Qf5+ 0-1


[Site "https://www.chess.com"]

[Event "Titled Tuesday Blitz June 07 Late 2022"]
[White "Bringas Gomez, Artai"]
[Black "Hjartarson, Johann"]
[WhiteFideId "24534064"]
[BlackFideId "2300044"]
[WhiteElo "1988"]
[BlackElo "2458"]
[Result "0-1"]
[Round "05"]
[TimeControl "180+1"]
[Date "2022.06.07"]
[WhiteClock "0:01:45"]
[BlackClock "0:01:23"]

1. d4 Nf6 2. c4 e6 3. Nf3 Bb4+ 4. Bd2 c5 5. g3 Qb6 6. Bg2 Nc6 7. dxc5 Bxc5 8. O-O Ne4 9. Be1 Qxb2 10. Nfd2 Nxf2 11. Bxf2 Bxf2+ 12. Rxf2 Qxa1 13. Qc2 O-O 14. h4 d5 15. h5 Qe5 16. h6 gxh6 17. Qd3 dxc4 18. Nxc4 Qc5 19. Nbd2 Ne5 20. Nxe5 Qxe5 21. Be4 Rb8 22. Bxh7+ Kg7 23. Rf4 f5 24. Nc4 Qc5+ 0-1


[Site "https://www.chess.com"]

[Event "Titled Tuesday Blitz June 07 Late 2022"]
[White "Dounis, Alexandros"]
[Black "Steinberg, Nitzan"]
[WhiteFideId "4213238"]
[BlackFideId "2801795"]
[WhiteElo "2204"]
[BlackElo "2471"]
[Result "1-0"]
[Round "05"]
[TimeControl "180+1"]
[Date "2022.06.07"]
[WhiteClock "0:00:10"]
[BlackClock "0:00:06"]

1. Nf3 d5 2. g3 g6 3. Bg2 Bg7 4. d4 Nd7 5. O-O Ngf6 6. c4 dxc4 7. Qa4 c6 8. Qxc4 O-O 9. Nc3 Nb6 10. Qd3 a5 11. Rd1 a4 12. e4 Bg4 13. h3 Bxf3 14. Qxf3 Ne8 15. d5 c5 16. Qe2 Qb8 17. Bf4 Be5 18. Bxe5 Qxe5 19. Qb5 Qc7 20. e5 a3 21. Rac1 axb2 22. Qxb2 Nc4 23. Qe2 Nxe5 24. Nb5 Qb8 25. Rxc5 Nd7 26. Rc2 Qd8 27. d6 exd6 28. Nxd6 Nef6 29. Nxb7 Qb8 30. Rcd2 Re8 31. Qb5 Re5 32. Qc6 Re6 33. Rd6 Ne5 34. Qc3 Qe8 35. Rxe6 Qxe6 36. Nd8 Rxd8 37. Rxd8+ Kg7 38. Rd1 Ned7 39. Re1 Qxa2 40. h4 Qa7 41. Bh3 Nc5 42. Re3 Qc7 43. Rf3 Qd6 44. Rxf6 Qxf6 45. Qxc5 Qa1+ 46. Kg2 Qf6 47. Qe3 Qc6+ 48. Qf3 Qd6 49. Kg1 h5 50. Bf1 Qe5 51. Bd3 Qa1+ 52. Kg2 Qe5 53. Qe4 Qd6 54. Bc4 Qf6 55. Qd5 Qf5 56. Qxf5 gxf5 57. Kf3 Kf6 58. Kf4 1-0


[Site "https://www.chess.com"]

[Event "Titled Tuesday Blitz June 07 Late 2022"]
[White "Dubov, Daniil"]
[Black "Shimanov, Aleksandr"]
[WhiteFideId "24126055"]
[BlackFideId "4198603"]
[WhiteElo "2791"]
[BlackElo "2605"]
[Result "1-0"]
[Round "05"]
[TimeControl "180+1"]
[Date "2022.06.07"]
[WhiteClock "0:01:46"]
[BlackClock "0:01:40"]

1. e4 e6 2. d4 d5 3. e5 c5 4. c3 Qa5 5. Nf3 Nc6 6. dxc5 Qc7 7. Bf4 Bxc5 8. Bd3 Nge7 9. O-O f5 10. b4 Bb6 11. Na3 a6 12. b5 Na5 13. c4 O-O 14. Rc1 Bc5 15. cxd5 Nxd5 16. Bd2 Qe7 17. Nc4 Nxc4 18. Bxc4 axb5 19. Bxd5 exd5 20. Bg5 1-0


[Site "https://www.chess.com"]

[Event "Titled Tuesday Blitz June 07 Late 2022"]
[White "Goncalves, Davi Sulzbacher"]
[Black "Daggupati, Balaji"]
[WhiteFideId "2154510"]
[BlackFideId "2090759"]
[WhiteElo "2107"]
[BlackElo "2703"]
[Result "0-1"]
[Round "05"]
[TimeControl "180+1"]
[Date "2022.06.07"]
[WhiteClock "0:00:19"]
[BlackClock "0:00:29"]

1. d4 d5 2. c4 c6 3. Nf3 Nf6 4. Nc3 e6 5. Bg5 Nbd7 6. e3 Qa5 7. Nd2 Bb4 8. Bxf6 Nxf6 9. Qc2 O-O 10. Bd3 Bd6 11. O-O h6 12. e4 dxe4 13. Ndxe4 Nxe4 14. Nxe4 Bc7 15. c5 e5 16. a3 Bb8 17. dxe5 Bxe5 18. Rad1 Bg4 19. Be2 Be6 20. Bc4 Bxc4 21. Qxc4 Bxb2 22. Rb1 Qxa3 23. Qc2 Bd4 24. Rxb7 Rab8 25. Rfb1 Rxb7 26. Rxb7 f5 27. Qc4+ Kh8 28. Ng3 Qxc5 29. Qxc5 Bxc5 30. Kf1 a5 31. Rc7 Rf6 32. Nh5 Rg6 33. Rc8+ Kh7 34. Nf4 Rd6 35. Ke2 a4 36. Nd3 Bb6 37. Rb8 Bd8 38. Ra8 Rd4 39. Ra6 Rc4 40. Ne5 Rc2+ 41. Ke3 a3 42. Nxc6 Bf6 43. Nd4 Rc3+ 44. Kf4 Bxd4 45. Kxf5 Bc5 46. f4 Rc2 47. g4 a2 48. g5 hxg5 49. fxg5 Bd4 50. g6+ Kh6 51. Ra4 a1=Q 52. Rxa1 Bxa1 53. Kg4 Kxg6 54. h3 Rc3 55. Kh4 Kf5 0-1


[Site "https://www.chess.com"]

[Event "Titled Tuesday Blitz June 07 Late 2022"]
[White "Grigoriants, Sergey"]
[Black "Livaic, Leon"]
[WhiteFideId "4130804"]
[BlackFideId "14531534"]
[WhiteElo "2502"]
[BlackElo "2540"]
[Result "1-0"]
[Round "05"]
[TimeControl "180+1"]
[Date "2022.06.07"]
[WhiteClock "0:00:09"]
[BlackClock "0:00:03"]

1. e4 c5 2. Nf3 d6 3. d4 cxd4 4. Nxd4 Nf6 5. Nc3 a6 6. a4 Nc6 7. Nb3 g6 8. Be2 Bg7 9. Be3 O-O 10. O-O Be6 11. f4 Rc8 12. Bf3 Na5 13. e5 dxe5 14. Qxd8 Rfxd8 15. Nxa5 e4 16. Nxe4 Nd5 17. Bf2 Rxc2 18. Nxb7 Rb8 19. Nbc5 Bf5 20. g4 Nxf4 21. gxf5 Nh3+ 22. Kg2 Nxf2 23. Rxf2 Rxf2+ 24. Nxf2 Rxb2 25. Rd1 Bf6 26. fxg6 hxg6 27. Ne4 Bh4 28. Rd2 Rb4 29. Ra2 f5 30. Nc5 a5 31. Nfd3 Rd4 32. Re2 Bf6 33. Ne5 Kh7 34. Ned7 Bh4 35. Nf8+ Kh6 36. Nfe6 Rc4 37. Bd5 Rg4+ 38. Kf1 Rb4 39. Bc6 Bf6 40. Bb5 g5 41. Nd7 Bc3 42. Rc2 Rb3 43. Ndc5 Ra3 44. Nd3 g4 45. Ndf4 Be5 46. Nd5 Rh3 47. Re2 Bxh2 48. Ndf4 Bxf4 49. Nxf4 Rf3+ 50. Rf2 Ra3 51. Ne6 Kg6 52. Nd4 e6 53. Nxe6 g3 54. Rd2 Kf6 55. Nc5 f4 56. Kg2 Kg5 57. Bc6 Kh4 58. Bf3 Kg5 59. Ne6+ Kf5 60. Nd4+ Ke5 61. Ne2 Rxa4 62. Rd5+ Ke6 63. Rb5 Ra2 64. Kh3 a4 65. Nxf4+ Kd6 66. Kxg3 a3 67. Ra5 Ra1 68. Ne2 a2 69. Kf2 Kc7 70. Bd5 Kb6 71. Rxa2 Rd1 72. Rb2+ Kc5 73. Bf3 Rd8 74. Rc2+ Kb4 75. Ng3 Kb3 76. Rc7 Kb4 77. Ne4 Rh8 78. Ke3 Rd8 79. Be2 Ka5 80. Rb7 Ka4 81. Rb1 Ka3 82. Bd3 Ka2 83. Rb7 Ka3 84. Nc5 Ka2 85. Be4 Ka3 86. Nd3 Re8 87. Kd4 Rd8+ 88. Kc3 Rc8+ 89. Kd4 Ka2 90. Bd5+ Ka1 91. Ra7+ Kb1 92. Nc5 Rh8 93. Be4+ Kb2 94. Rb7+ Ka3 95. Rb3+ Ka2 96. Bd5 Ka1 97. Ra3+ Kb2 98. Ra2+ Kb1 99. Rg2 Rh4+ 100. Ne4 Kc1 101. Kc3 Rh3+ 102. Ng3 Kd1 103. Bf3+ Ke1 104. Re2+ Kd1 105. Re3+ Kc1 106. Re1# 1-0


[Site "https://www.chess.com"]

[Event "Titled Tuesday Blitz June 07 Late 2022"]
[White "Gurevich, Dmitry"]
[Black "Vajda, Levente"]
[WhiteFideId "2000407"]
[BlackFideId "1203975"]
[WhiteElo "2506"]
[BlackElo "2573"]
[Result "1-0"]
[Round "05"]
[TimeControl "180+1"]
[Date "2022.06.07"]
[WhiteClock "0:00:18"]
[BlackClock "0:00:13"]

1. d4 Nf6 2. c4 c5 3. Nf3 g6 4. d5 Bg7 5. Nc3 O-O 6. e4 d6 7. h3 Na6 8. Bd3 Nc7 9. O-O e6 10. Re1 exd5 11. cxd5 a6 12. a4 b6 13. Bf4 Bb7 14. Rb1 Re8 15. Qd2 Nh5 16. Bh2 Qd7 17. b4 Rab8 18. bxc5 bxc5 19. Rb6 Na8 20. Rxd6 Qc8 21. g4 Nf6 22. Qf4 Nd7 23. e5 c4 24. Bxc4 Nxe5 25. Nxe5 Bxe5 26. Rxe5 Rxe5 27. Qxe5 Qxc4 28. Rc6 Bxc6 29. Qxb8+ Kg7 30. dxc6 Qxc6 31. Be5+ f6 32. Qa7+ Kh6 33. Qe3+ g5 34. Bd4 Nc7 35. f3 Kg6 36. Qe4+ Qxe4 37. Nxe4 Nd5 38. Nxf6 Nxf6 39. Bxf6 Kxf6 40. Kf2 Ke5 41. Ke3 Kd5 42. f4 gxf4+ 43. Kxf4 Kc4 44. Kg5 Kb4 45. Kh6 Kxa4 46. Kxh7 Kb4 47. g5 a5 48. g6 a4 49. g7 a3 50. g8=Q a2 51. Qxa2 1-0


[Site "https://www.chess.com"]

[Event "Titled Tuesday Blitz June 07 Late 2022"]
[White "Halkias, Stelios"]
[Black "Svane, Rasmus"]
[WhiteFideId "4201809"]
[BlackFideId "4657101"]
[WhiteElo "2453"]
[BlackElo "2674"]
[Result "0-1"]
[Round "05"]
[TimeControl "180+1"]
[Date "2022.06.07"]
[WhiteClock "0:01:20"]
[BlackClock "0:01:48"]

1. Nf3 d5 2. d4 Nf6 3. c4 e6 4. g3 Bb4+ 5. Nc3 O-O 6. Bg2 dxc4 7. a3 Bxc3+ 8. bxc3 c5 9. O-O cxd4 10. cxd4 Bd7 11. Bg5 Bc6 12. Qc2 b5 13. a4 a6 14. Rfb1 Nbd7 15. Ne5 Bxg2 16. Kxg2 Nxe5 17. dxe5 Qd5+ 18. f3 Qxe5 19. Bxf6 gxf6 20. Ra2 Rfd8 21. Rba1 Rac8 22. axb5 axb5 23. Ra7 c3 24. Rd1 Rxd1 25. Qxd1 c2 0-1


[Site "https://www.chess.com"]

[Event "Titled Tuesday Blitz June 07 Late 2022"]
[White "Hosseinzadeh, Nima"]
[Black "Rasulov, Vugar"]
[WhiteFideId "12505323"]
[BlackFideId "13402390"]
[WhiteElo "2066"]
[BlackElo "2560"]
[Result "1-0"]
[Round "05"]
[TimeControl "180+1"]
[Date "2022.06.07"]
[WhiteClock "0:00:25"]
[BlackClock "0:01:04"]

1. e4 c5 2. Nf3 d6 3. d4 cxd4 4. Nxd4 Nf6 5. Nc3 Nc6 6. Bg5 a6 7. Qd2 e6 8. O-O-O h6 9. Nxc6 bxc6 10. Bf4 d5 11. Be2 Bb4 12. Qe3 Qa5 13. Be5 O-O 14. Bxf6 gxf6 15. Qxh6 dxe4 16. Nxe4 Be7 17. Rd3 Qf5 18. Rg3+ Qg6 19. Bh5 Qg5+ 20. Nxg5 fxg5 21. Bg6 1-0


[Site "https://www.chess.com"]

[Event "Titled Tuesday Blitz June 07 Late 2022"]
[White "Ivanisevic, Ivan"]
[Black "Sadhwani, Raunak"]
[WhiteFideId "912417"]
[BlackFideId "35093487"]
[WhiteElo "2535"]
[BlackElo "2616"]
[Result "0-1"]
[Round "05"]
[TimeControl "180+1"]
[Date "2022.06.07"]
[WhiteClock "0:00:17"]
[BlackClock "0:01:55"]

1. d4 f5 2. c4 Nf6 3. Nc3 d6 4. Bg5 Nbd7 5. Qc2 g6 6. h4 Bg7 7. Nh3 Nf8 8. O-O-O c6 9. e3 Qa5 10. Nf4 h6 11. Bxf6 Bxf6 12. h5 g5 13. Ng6 Rg8 14. Nxf8 Rxf8 15. Kb1 Bd7 16. Bd3 O-O-O 17. a3 Bg7 18. Ka2 Kb8 19. b4 Qc7 20. c5 e5 21. Bc4 d5 22. Be2 f4 23. b5 fxe3 24. fxe3 Rf2 25. Rhf1 Rdf8 26. Rxf2 Rxf2 27. Rd2 exd4 28. exd4 Qf4 29. bxc6 Bxc6 30. Rd1 Bxd4 0-1


[Site "https://www.chess.com"]

[Event "Titled Tuesday Blitz June 07 Late 2022"]
[White "Jaracz, Pawel"]
[Black "Ferreira, Vitor Hugo Vieira"]
[WhiteFideId "1102222"]
[BlackFideId "2119765"]
[WhiteElo "2459"]
[BlackElo "2165"]
[Result "1/2-1/2"]
[Round "05"]
[TimeControl "180+1"]
[Date "2022.06.07"]
[WhiteClock "0:00:07"]
[BlackClock "0:00:01"]

1. d4 d5 2. c4 c6 3. Nf3 Nf6 4. Nc3 e6 5. Bg5 Nbd7 6. e3 Qa5 7. Bxf6 Nxf6 8. a3 Ne4 9. Qb3 Nxc3 10. bxc3 Bd6 11. Be2 O-O 12. O-O b6 13. cxd5 cxd5 14. c4 Ba6 15. Rfc1 Rac8 16. Bf1 dxc4 17. Bxc4 Bxc4 18. Rxc4 Rxc4 19. Qxc4 b5 20. Qb3 Rc8 21. g3 Rc3 22. Qb2 Bxa3 23. Qe2 Rc1+ 24. Rxc1 Bxc1 25. Ne5 Ba3 26. Qa2 Qe1+ 27. Kg2 Qc1 28. Qb3 a6 29. d5 Bd6 30. dxe6 Bxe5 31. Qd5 Qc7 32. Qa8+ Qb8 33. Qxa6 fxe6 34. Qxe6+ Kh8 35. f4 Bf6 36. g4 h6 37. Kg3 b4 38. Qb3 Bc3 39. h4 Qe8 40. Kf2 Bd2 41. g5 hxg5 42. hxg5 Qh5 43. Qe6 Qh2+ 44. Kf3 Qh1+ 45. Ke2 Qg2+ 46. Kd3 Bc3 47. g6 Qf1+ 48. Ke4 Qb1+ 49. Kf3 Qd1+ 50. Ke4 Qc2+ 51. Kf3 Qd1+ 52. Ke4 Qc2+ 53. Kf3 Qd1+ 1/2-1/2


[Site "https://www.chess.com"]

[Event "Titled Tuesday Blitz June 07 Late 2022"]
[White "Jobava, Baadur"]
[Black "Yuan, Qingyu"]
[WhiteFideId "13601520"]
[BlackFideId "8609772"]
[WhiteElo "2617"]
[BlackElo "2359"]
[Result "1-0"]
[Round "05"]
[TimeControl "180+1"]
[Date "2022.06.07"]
[WhiteClock "0:02:27"]
[BlackClock "0:00:47"]

1. b3 d5 2. Bb2 c5 3. e3 Nf6 4. Nf3 g6 5. Bb5+ Nbd7 6. O-O Bg7 7. c4 dxc4 8. Bxc4 O-O 9. Qe2 b6 10. d4 cxd4 11. Nxd4 Bb7 12. Rd1 a6 13. a4 Qb8 14. h3 Qa7 15. Nc3 Rad8 16. b4 Qa8 17. Qf1 Ne5 18. Be2 h5 19. b5 a5 20. Rac1 Rfe8 21. f4 Ned7 22. Bf3 Nc5 23. Nc6 Rd7 24. Ba3 Nb3 25. Rxd7 Nxd7 26. Rd1 Nbc5 27. Nd5 e6 28. Nc7 Qc8 29. Nxe8 Qxe8 30. Bxc5 bxc5 31. Qd3 Nb6 32. Qd8 Qxd8 33. Rxd8+ Kh7 34. Rb8 Bxc6 35. bxc6 Be5 36. fxe5 Nc4 37. c7 1-0


[Site "https://www.chess.com"]

[Event "Titled Tuesday Blitz June 07 Late 2022"]
[White "Korchmar, Vasiliy"]
[Black "Matlakov, Maxim"]
[WhiteFideId "24131750"]
[BlackFideId "4168003"]
[WhiteElo "2370"]
[BlackElo "2669"]
[Result "0-1"]
[Round "05"]
[TimeControl "180+1"]
[Date "2022.06.07"]
[WhiteClock "0:00:03"]
[BlackClock "0:01:41"]

1. e4 c5 2. Nf3 e6 3. g3 Nc6 4. Bg2 Nf6 5. Qe2 e5 6. O-O Be7 7. Nc3 d6 8. Nd5 Be6 9. Ne1 Nd4 10. Qd1 Nxd5 11. exd5 Bd7 12. c3 Nf5 13. d3 O-O 14. Nc2 g6 15. a4 h5 16. a5 h4 17. a6 b5 18. g4 Ng7 19. h3 f5 20. f4 exf4 21. Bxf4 g5 22. Bd2 Qc8 23. gxf5 Bxf5 24. Qe2 Bf6 25. b4 c4 0-1


[Site "https://www.chess.com"]